 Dungeon Crawl Stone Soup version 0.29.1 (webtiles) character file.

Game seed: 10276264739093245722

174 Icepheonix32 the Trooper (level 5, -6/48 HPs)
             Began as a Minotaur Fighter on Sept 14, 2022.
             Mangled by a gnoll
             ... wielding a +0 flail
             ... led by a gnoll bouda
              (9 damage)
             ... on level 4 of the Dungeon.
             The game lasted 00:05:53 (2865 turns).

Icepheonix32 the Trooper (Minotaur Fighter)         Turns: 2865, Time: 00:05:53

Health: -6/48      AC:  7    Str: 29    XL:     5   Next: 28%
Magic:  4/4        EV: 10    Int:  5    God:
Gold:   79         SH:  4    Dex:  9    Spells: 4/4 levels left

rFire   . . .      SeeInvis .   q - +2 whip (vamp)
rCold   . . .      Faith    .   c - +0 buckler
rNeg    . . .      Spirit   .   b - +0 scale mail
rPois   .          Reflect  .   (helmet restricted)
rElec   .          Harm     .   (no cloak)
rCorr   .          Rampage  .   (no gloves)
Will    .....                   (no boots)
Stlth   ..........              (no amulet)
HPRegen 0.16/turn               l - +6 ring of strength
MPRegen 0.09/turn               (no ring)

@: about to teleport
A: horns 2, retaliatory headbutt
a: no special abilities


You were on level 4 of the Dungeon.
You visited 1 branch of the dungeon, and saw 4 of its levels.

You collected 163 gold pieces.
You spent 84 gold pieces at shops.

Inventory:

Hand Weapons
 a - a +0 war axe
 i - a +0 vorpal mace
 q - a +2 vampiric whip (weapon)
Missiles
 j - 3 curare-tipped darts
 n - 7 boomerangs (quivered)
Armour
 b - a +0 scale mail (worn)
 c - a +0 buckler (worn)
Jewellery
 k - a ring of magical power
 l - a +6 ring of strength (left hand)
Scrolls
 r - a scroll of identify
Potions
 d - 2 potions of might
 e - a potion of mutation {unknown}
 f - 2 potions of heal wounds
 g - a potion of lignification
 h - 2 potions of curing {unknown}
 m - a potion of experience {unknown}
 o - 2 potions of cancellation {unknown}


   Skills:
 * Level 5.1 Fighting
 - Level 2.5(3.1) Axes
 + Level 2.7(3.2) Maces & Flails
 + Level 0.9 Throwing
 + Level 4.1 Armour
 + Level 1.2 Dodging
 + Level 4.3 Shields


You had 4 spell levels left.
You didn't know any spells.
Your spell library contained the following spells:

 Spells                   Type           Power      Damage    Failure   Level
 Ensorcelled Hibernation  Hex/Ice        0%         N/A       91%         2
 Passwall                 Tmut/Erth      0%         N/A       91%         2
 Gell's Gravitas          Tloc           0%         N/A       99%         3
 Lesser Beckoning         Tloc           0%         N/A       99%         3
 Swiftness                Air            0%         N/A       99%         3
 Teleport Other           Tloc           0%         N/A       99%         3


Dungeon Overview and Level Annotations

Branches:
Dungeon (4/15)
 Temple: D:4-7

Altars:
Dithmenos

Shops:
D:2 ?:[


Innate Abilities, Weirdness & Mutations

You have a pair of horns on your head.
You reflexively headbutt those who attack you in melee.


Message History

The gnoll hits you but does no damage. The gnoll hits you with a +0 halberd!
The ball python hisses angrily.
You hit the gnoll.
The gnoll is severely wounded.
The gnoll hits you from afar with a +0 spear.
You hit the gnoll but do no damage.
The gnoll is severely wounded.
The gnoll closely misses you. The gnoll barely misses you. x2
You furiously retaliate!
You headbutt the gnoll!
You kill the gnoll!
The gnoll bouda attacks as you move away!
The gnoll bouda barely misses you. You block the gnoll's attack.
The gnoll hits you from afar with a +0 spear.
The gnoll bouda attacks as you move away!
The gnoll bouda hits you with a +0 club.
The gnoll bouda gazes fiercely through you!
You feel your attacks grow feeble.
The gnoll hits you from afar with a +0 spear.
The gnoll attacks as you move away! The gnoll hits you with a +0 flail!
The gnoll is no longer moving quickly.
The gnoll bouda barks out a call to the hunt!
The gnoll picks up the pace!
The gnoll attacks as you move away! The gnoll barely misses you.
Your attacks no longer feel as feeble.
The gnoll attacks as you move away! The gnoll hits you with a +0 flail!
* * * LOW HITPOINT WARNING * * *
The gnoll is no longer moving quickly.
You barely miss the gnoll. You headbutt the gnoll.
The gnoll is lightly wounded.
The gnoll barely misses you.
As you read the scroll of teleportation, it crumbles to dust.
You feel strangely unstable. The gnoll hits you with a +0 flail.
* * * LOW HITPOINT WARNING * * *
The gnoll bouda barely misses you. The gnoll barely misses you.
Unknown command.
The gnoll bouda attacks as you move away!
The gnoll bouda closely misses you. You furiously retaliate!
You headbutt the gnoll bouda! The gnoll attacks as you move away!
The gnoll hits you with a +0 flail!
You die...

........#...#≈≈# ..#
........#.⌠.#≈≈#.⌠.#
.._.....#...#~≈#...#..#
.........###~..~###...
........)............##
.....?.#....S.........#
...g...#..###g#####.#.#
#.#....#..#...g.....#.#
..............g@....>.#
###.........#.......).#
#.........#.#.###...#
#####...............#
.........#.###...#
####.....#.......#
##..#.#####.#######
##.#.#...........#
..#.#.#...†......


You could see a gnoll bouda, 2 gnolls and a ball python.

Vanquished Creatures
  3 gnolls
  5 adders
  2 worms (D:2)
  2 dart slugs
  11 orcs
  3 endoplasms
  6 goblins
  6 hobgoblins
  7 jackals
  6 quokkas
  7 ball pythons
  4 bats
  3 frilled lizards
  5 kobolds
  6 rats
76 creatures vanquished.

Vanquished Creatures (others)
  15 plants (D:3)
15 creatures vanquished.

Grand Total: 91 creatures vanquished

Notes
Turn   | Place    | Note
-------+----------+-------------------------------------------
     0 | D:1      | Icepheonix32 the Minotaur Fighter began the quest for the
                  | Orb.
     0 | D:1      | Reached XP level 1. HP: 19/19 MP: 0/0
   158 | D:1      | Reached skill level 4 in Fighting
   158 | D:1      | Reached XP level 2. HP: 27/27 MP: 1/1
   933 | D:2      | Reached XP level 3. HP: 34/34 MP: 2/2
  1327 | D:2      | Found a faded altar of an unknown god.
  1435 | D:2      | Found Woimicerr's Book Shoppe.
  1443 | D:2      | Found Cioluy's Magic Scroll Shoppe.
  1450 | D:2      | Bought a scroll of teleportation for 42 gold pieces
  1450 | D:2      | Bought a scroll of identify for 28 gold pieces
  1450 | D:2      | Bought a scroll of noise for 14 gold pieces
  1619 | D:2      | Found Xiaceidgh's Armour Emporium.
  1982 | D:3      | Reached XP level 4. HP: 41/41 MP: 3/3
  2104 | D:3      | Reached skill level 1 in Maces & Flails
  2118 | D:3      | Reached skill level 1 in Dodging
  2521 | D:3      | Reached skill level 5 in Fighting
  2521 | D:3      | Reached XP level 5. HP: 33/48 MP: 4/4
  2846 | D:4      | Found a shadowy altar of Dithmenos.
  2865 | D:4      | Mangled by a gnoll

Illustrated notes

Levels and vault maps discovered:
D:1:      amcnicky_arrival_double_pillar, layout_basic, serial_bayou_lake_a
D:2:      layout_loops_corners, serial_shops, nicolae_shop_trees,
          shop_fountains, nicolae_shop_advertising_works
          [nicolae_subvault_shop_adworks],
          hellmonk_ecumenical_altar_inner_sanctum
D:3:      wad_woods_tower, layout_rooms, grunt_ministairs_13
D:4:      layout_basic, grunt_temple_overflow_open, gammafunk_ghost_icy,
          fountainhead

Skill      XL: |  1  2  3  4 |
---------------+-------------+-----
Fighting       | 4 5 |  5.1
Shields        | 4 |  4.3
Armour         | 4 |  4.1
Maces & Flails | 2 |  2.7
Dodging        | 1 |  1.2
Axes           | |  2.5
Throwing       | |  0.9

Action                   |  1- 3 |  4- 6 || total
-------------------------+-------+-------++-------
Melee: War axe           |    21 |       ||    21
       Headbutt          |    13 |    10 ||    23
       Mace              |    50 |    58 ||   108
       Whip              |       |    21 ||    21
Throw: Boomerang         |    21 |     2 ||    23
  Use: Scroll            |     2 |     1 ||     3
       Potion            |       |     1 ||     1
Armor: Scale mail        |    34 |    36 ||    70
Dodge: Dodged            |    42 |    53 ||    95
Block: Buckler           |    19 |    20 ||    39
